 Dungeon Crawl Stone Soup version 0.19.0-19-g8c6edcc (webtiles) character file.

3931 nikopol the Fighter (level 10, -6/96 HPs)
             Began as a Gargoyle Berserker on Nov 14, 2016.
             Was an Elder of Trog.
             Killed by divine providence
             ... invoked by an orc priest
              (13 damage)
             ... on level 7 of the Dungeon.
             The game lasted 00:18:53 (6294 turns).

nikopol the Fighter (Gargoyle Berserker)            Turns: 6294, Time: 00:18:54

Health: -6/96      AC: 22    Str: 27    XL:     10   Next: 21%
Magic:  10/10      EV: 13    Int:  8    God:    Trog [****..]
Gold:   421        SH:  0    Dex: 11    Spells: 0 memorised, 9 levels left

rFire  + . .     SeeInvis .     a - +3 mace (protect)
rCold  . . .     Gourm    .     d - +0 scale mail
rNeg   + . .     Faith    .     (no shield)
rPois  ∞         Spirit   .     (no helmet)
rElec  +         Reflect  .     (no cloak)
rCorr  .         Harm     .     (no gloves)
MR     .....                    (no boots)
Stlth  ..........               (no amulet)
                                (no ring)
                                p - ring of protection from fire

@: berserking (expiring), protection aura, very quick
A: negative energy resistance 1, electricity resistance, unbreathing,
petrification resistance, rot immunity, AC +7
a: Berserk, Trog's Hand, Brothers in Arms, Burn Spellbooks, Renounce Religion


You were on level 7 of the Dungeon.
You worshipped Trog.
Trog was greatly pleased with you.
You were very hungry.

You visited 1 branch of the dungeon, and saw 7 of its levels.
You also visited: Ossuary.

You collected 421 gold pieces.

Inventory:

Hand Weapons
 a - a +3 mace of protection (weapon)
 w - a cursed -3 morningstar
 y - a +0 mace
 z - a +0 shortbow
 F - a +3 flail of crushing
Missiles
 k - 120 arrows (quivered)
Armour
 b - a +0 animal skin
 d - a +0 scale mail (worn)
 t - +0 steam dragon scales
 G - a +2 leather armour of fire resistance
Jewellery
 p - a ring of protection from fire (left hand)
 q - an uncursed ring of positive energy
Wands
 j - a wand of polymorph (20/24)
 D - a wand of heal wounds (6/9)
Scrolls
 e - 2 scrolls of magic mapping
 h - a scroll of recharging {unknown}
 i - 10 scrolls of remove curse
 l - 2 scrolls of fog
 o - 3 scrolls of teleportation {unknown}
 u - 2 scrolls of amnesia {unknown}
 v - a scroll of holy word {unknown}
 x - 3 scrolls of enchant weapon {unknown}
 A - 3 scrolls of enchant armour {unknown}
Potions
 f - 4 potions of haste
 m - a potion of magic
 n - 3 potions of might
 s - 2 potions of ambrosia
 B - a potion of heal wounds
 C - 2 potions of brilliance
 E - 2 potions of degeneration
 H - a potion of cancellation
 I - 3 potions of lignification
 J - a potion of agility {unknown}
 K - 3 potions of curing
 L - a potion of invisibility {unknown}
 N - a potion of mutation {unknown}
Comestibles
 c - 7 bread rations
 g - 3 slices of pizza
 r - 2 meat rations
 M - 8 chunks of flesh


   Skills:
 + Level 8.3 Fighting
 * Level 7.8 Maces & Flails
 * Level 2.4 Bows
 + Level 8.2 Armour
 + Level 6.0 Dodging


You had 9 spell levels left.
You didn't know any spells.

Dungeon Overview and Level Annotations

Branches:
Dungeon (7/15)             Temple (0/1) D:5

Altars:
Hepliaklqana


Innate Abilities, Weirdness & Mutations

You are resistant to torment.
Your stone body is resilient. (AC +7)
You are immune to poison.
You resist negative energy. (rN+)
You are resistant to electric shocks. (rElec)
You can survive without breathing.
You are immune to petrification.
You are immune to rotting.


Message History

Trog accepts your kill.
Your Dodging skill increases to level 6!
The orc priest calls upon Beogh to heal the orc.
The orc's wounds heal themselves!
You thump the orc!
You feel the power of Trog in you as your rage grows.
You kill the orc!
Trog accepts your kill.
The orc priest mumbles some strange prayers to Beogh against you.
Beogh smites you!
* * * LOW HITPOINT WARNING * * *
The black bear bites you but does no damage.
The black bear claws you but does no damage. x2
Found 13 stones.
Items here: ! ( ))) [[[[ †††† You sock the orc priest!
The orc priest is severely wounded.
The orc priest mumbles some strange prayers to Beogh against you.
Beogh smites you!
You die...

.#*** ****,,,,,,,,,,,,, .###
*,,,....,,,,,,,,, ...#**
*,,,....,,,,,,,,, ....,**
**,.....,,*****,, .)..,,***
*,.....*** *,,* ....,,,,*
##### *.....#* *,,* ....,,,**
#...# *#.....# **,** ....,***
*#..###o....#* *,,* ##..,*
*#...@o....#* *,,* #**.,**
#..##h.%...#** **,** # *,,,*
##.##*.......,***,,* # *#..*
#..# *#......,,,,,,* # #..#
#..# *.(....,,,,,,* # *..##
##.## *......,,,,,,*** *#..#
#..#####...#..,,,<,,,,*
#..####..........##.,,,,,,,,,
#
#...##..........,,,,,,,,,,,,,


You could see a black bear and 2 orc priests.

Vanquished Creatures
  The ghost of Philosophy the Bolt Thrower, a novice CeHu (D:4)
  Pikel (D:5)
  A hippogriff (D:7)
  Sigmund (D:4)
  Eustachio (D:4)
  Edmund (D:4)
  A sky beast (D:6)
  2 orc warriors (D:7)
  A hornet zombie (D:7)
  5 ogres
  A centaur (D:7)
  A crocodile (D:6)
  Blork the orc (D:5)
  3 bullfrogs (D:7)
  3 wights (D:7)
  2 howler monkeys
  2 crimson imps
  2 hounds (D:5)
  3 bullfrog skeletons
  3 orc priests
  An iguana (D:6)
  Natasha (thrice) (D:4)
  5 orc wizards
  3 worker ants (D:4)
  13 mummies (Ossuary)
  3 gnolls (D:7)
  7 adders
  A shadow imp (D:5)
  3 oozes
  2 worms
  4 leopard geckos
  30 orcs
  A ball python (D:1)
  7 bats
  4 giant cockroaches
  2 goblins (D:2)
  4 hobgoblins
  13 jackals
  4 quokkas
  2 frilled lizards
  3 gnoll skeletons (Ossuary)
  3 goblin skeletons (Ossuary)
  7 kobolds
  A kobold skeleton (Ossuary)
  A leopard gecko skeleton (D:5)
  An orc skeleton (Ossuary)
  A quokka zombie (D:5)
  6 rats
  11 rat skeletons (Ossuary)
182 creatures vanquished.

Vanquished Creatures (others)
  A worker ant (D:5)
1 creature vanquished.

Grand Total: 183 creatures vanquished

Notes
Turn   | Place    | Note
-------+----------+-------------------------------------------
     0 | D:1      | nikopol the Gargoyle Berserker began the quest for the Orb.
     0 | D:1      | Reached XP level 1. HP: 14/14 MP: 1/1
   171 | D:1      | Reached XP level 2. HP: 18/19 MP: 2/2
   808 | D:1      | Reached XP level 3. HP: 24/24 MP: 3/3
  1020 | D:2      | Found a hazy altar of Hepliaklqana.
  1185 | D:2      | Reached ** piety under Trog
  1211 | D:2      | Reached XP level 4. HP: 29/29 MP: 4/4
  1724 | D:3      | Found a faded altar of an unknown god.
  2366 | D:4      | Noticed Natasha
  2369 | D:4      | Killed Natasha
  2369 | D:4      | Reached XP level 5. HP: 33/33 MP: 5/5
  2373 | D:4      | Noticed Sigmund
  2373 | D:4      | Noticed Philosophy's ghost (novice CeHu)
  2379 | D:4      | Noticed Natasha
  2387 | D:4      | Killed Philosophy's ghost
  2387 | D:4      | Reached skill level 5 in Fighting
  2387 | D:4      | Reached XP level 6. HP: 40/40 MP: 6/6
  2387 | D:4      | Reached XP level 7. HP: 44/44 MP: 7/7
  2392 | D:4      | Killed Sigmund
  2392 | D:4      | Reached skill level 5 in Maces & Flails
  2392 | D:4      | Reached skill level 5 in Armour
  2401 | D:4      | Killed Natasha
  2503 | D:4      | Noticed Natasha
  2508 | D:4      | Killed Natasha
  2701 | D:4      | Reached XP level 8. HP: 51/51 MP: 8/8
  2722 | D:4      | Noticed Edmund
  2735 | D:4      | Killed Edmund
  2798 | D:4      | Reached *** piety under Trog
  3201 | D:5      | Entered Level 5 of the Dungeon
  3297 | D:5      | Noticed Pikel
  3307 | D:5      | Killed Pikel
  3311 | D:5      | Noticed Eustachio
  3349 | D:4      | Killed Eustachio
  3349 | D:4      | Reached XP level 9. HP: 40/57 MP: 9/9
  3721 | D:5      | Found a staircase to the Ecumenical Temple.
  3838 | D:5      | Noticed Blork the orc
  3853 | D:5      | Killed Blork the orc
  3925 | D:5      | Received a gift from Trog
  4467 | D:6      | Reached skill level 5 in Dodging
  5224 | D:7      | Found a sand-covered staircase.
  5247 | Ossuary  | Entered an ossuary
  5317 | Ossuary  | Reached **** piety under Trog
  5924 | D:7      | Reached skill level 1 in Bows
  5924 | D:7      | Reached XP level 10. HP: 64/64 MP: 10/10
  6294 | D:7      | Killed from afar by an orc priest

Skill      XL: |  1  2  3  4  5  6  7  8  9 10 |
---------------+-------------------------------+-----
Armour         | 3 4 5 6 8 |  8.2
Dodging        | 2 3 4 5 6 |  6.0
Fighting       | 4 5 7 8 |  8.3
Maces & Flails | 4 5 6 7 |  7.8
Bows           | 1 2 |  2.4

Action                   |  1- 3 |  4- 6 |  7- 9 | 10-12 || total
-------------------------+-------+-------+-------+-------++-------
Melee: Mace              |   115 |    84 |   440 |    85 ||   724
 Fire: Shortbow          |       |       |     2 |       ||     2
Invok: Berserk           |     1 |     1 |     5 |     1 ||     8
  Use: Scroll            |       |       |    13 |       ||    13
  Eat: Chunk             |     2 |     4 |    17 |     2 ||    25
Armor: Scale mail        |    95 |    53 |   200 |    40 ||   388
Dodge: Dodged            |    91 |    61 |   234 |    44 ||   430
